 Dungeon Crawl Stone Soup version 0.30-a0-568-g124715a40b (webtiles) character file.

Game seed: 12537174621750634730

207 jfcaron the Digger (level 6, -2/45 HPs)
             Began as a Meteoran Earth Elementalist on Dec 29, 2022.
             Slain by a kobold
             ... wielding a +0 club
              (4 damage)
             ... in a sewer.
             The game lasted 00:07:44 (797 turns).

jfcaron the Digger (Meteoran Earth Elementalist)     Turns: 797, Time: 00:07:44

Health: -2/45      AC:  2    Str:  9    XL:     6   Next: 33%
Magic:  5/13       EV: 13    Int: 19    God:
Gold:   135        SH:  0    Dex: 15    Spells: 7/13 levels left

rFire   . . .      SeeInvis .    j - +1 dagger
rCold   . . .      Faith    .    (no shield)
rNeg    . . .      Spirit   .    a - +0 robe
rPois   .          Reflect  .    (no helmet)
rElec   .          Harm     .    (no cloak)
rCorr   .          Rampage  .    (no gloves)
Will    .....                    (no boots)
Stlth   +                        (no amulet)
HPRegen 0.27/turn                (no ring)
MPRegen 0.13/turn                (no ring)

@: confused, mighty, ambrosia-drunk, glowing
A: sense surroundings 1, otherworldly, glowing, explore regen
a: no special abilities


You were in a sewer.
You visited 1 branch of the dungeon, and saw 3 of its levels.
You also visited: Sewer.

You collected 135 gold pieces.

Inventory:

Hand Weapons
 j - a +1 dagger (weapon)
Missiles
 g - 6 poisoned darts
Armour
 a - a +0 robe (worn)
Scrolls
 k - 2 scrolls of teleportation
 n - a scroll of enchant armour {unknown}
Potions
 b - a potion of magic
 l - a potion of resistance {unknown}


   Skills:
 - Level 3.0 Dodging
 - Level 1.5 Stealth
 + Level 4.0 Spellcasting
 * Level 3.3 Conjurations
 - Level 3.0 Transmutations
 + Level 4.7 Earth Magic


You had 7 spell levels left.
You knew the following spells:

 Your Spells              Type           Power      Damage    Failure   Level
a - Sandblast             Erth           42%        2d11      1%          1
b - Passwall              Tmut/Erth      15%        N/A       4%          2
c - Stone Arrow           Conj/Erth      38%        3d9       8%          3

Your spell library contained the following spells:

 Spells                   Type           Power      Damage    Failure   Level
 Petrify                  Tmut/Erth      18%        N/A       28%         4
 Summon Forest            Summ/Tloc      1%         N/A       98%         5
 Summon Mana Viper        Hex/Summ       3%         N/A       98%         5
 Summon Cactus Giant      Summ           1%         N/A       100%        6


Dungeon Overview and Level Annotations

Branches:
Dungeon (3/15) Zot: 1019    Sewer (1/1) Zot: 563

Altars:
Dithmenos

Shops:
D:1 :


Innate Abilities, Weirdness & Mutations

You passively map a small area around you.
You are easily found by Zot.
You glow in the dark.
You regain HP and MP as you explore.


Message History

The kobold hits you but does no damage. The kobold hits you with a +0 dagger.
* * * LOW HITPOINT WARNING * * *
It was a potion of might.
You feel very mighty all of a sudden. The kobold closely misses you.
The kobold hits you with a +0 club.
* * * LOW HITPOINT WARNING * * *
The kobold brigand misses you.
Okay, then.
It was a potion of curing.
You feel better. The kobold barely misses you.
The kobold hits you with a +0 club.
* * * LOW HITPOINT WARNING * * *
The kobold brigand hits you with a +0 dagger.
* * * LOW HITPOINT WARNING * * *
Casting: Sandblast (safe; 2% risk of failure)
Confirm with . or Enter, or press ? or * to list all spells.
Aiming: Stone Arrow (dangerous; 11% risk of failure)
Press: ? - help, Shift-Dir - straight line, f/p - kobold brigand
Aim: a kobold brigand, wielding a +0 dagger and quivering curare-tipped darts (moderately wounded, 60% to hit)
The stone arrow hits the kobold brigand!
The kobold brigand is almost dead.
The kobold misses you. The kobold closely misses you.
The kobold brigand barely misses you.
Casting: Stone Arrow (dangerous; 11% risk of failure)
Confirm with . or Enter, or press ? or * to list all spells.
Aiming: Sandblast (safe; 2% risk of failure)
Press: ? - help, Shift-Dir - straight line, f/p - kobold brigand
Aim: a kobold brigand, wielding a +0 dagger and quivering curare-tipped darts (almost dead, 77% to hit)
The blast of sand hits the kobold brigand.
You kill the kobold brigand!
The kobold completely misses you. The kobold hits you with a +0 club.
* * * LOW HITPOINT WARNING * * *
Your Spellcasting skill increases to level 4!
Your Conjurations skill increases to level 3!
You have reached level 6!
You feel clever.
You are confused.
You feel invigorated. The kobold hits you with a +0 dagger.
* * * LOW HITPOINT WARNING * * *
The kobold hits you with a +0 club.
You die...

. ~, , +, * P~ ,
*~~~#################
~~~~~~~~~~~~~~~~~~≈#
~
≈≈≈≈~≈≈≈≈≈~≈≈≈≈≈~≈≈#
~~~~~~~~~~~~~~~~~~≈#
#####~~########'###
....~~~~~)#....#...#
,....~~P~.@)..∩.#.∩.#
~
.........KK..!.#.∩.#
..........#....#####
, ........########
.....##.# , #####*###
*


You could see 2 kobolds.

Vanquished Creatures
  2 kobold brigands (Sewer)
  3 adders (D:2)
  2 worms
  2 dart slugs
  An orc (D:3)
  5 bats
  5 endoplasms
  2 goblins
  3 hobgoblins
  3 kobolds
  3 quokkas (D:1)
  4 ball pythons (D:2)
  3 rats
38 creatures vanquished.

Notes
Turn   | Place    | Note
-------+----------+-------------------------------------------
     0 | D:1      | jfcaron the Meteoran Earth Elementalist began the quest for
                  | the Orb.
     0 | D:1      | Reached XP level 1. HP: 14/14 MP: 5/5
    48 | D:1      | Reached XP level 2. HP: 20/20 MP: 3/6
    48 | D:1      | Found Beraot Angy's Book Boutique.
    57 | D:1      | Learned a level 2 spell: Passwall
   362 | D:1      | Found a faded altar of an unknown god.
   368 | D:1      | HP: 3/20 [quokka (3)]
   370 | D:1      | Reached XP level 3. HP: 4/26 MP: 1/8
   477 | D:2      | Learned a level 3 spell: Stone Arrow
   492 | D:2      | Reached XP level 4. HP: 33/33 MP: 7/9
   627 | D:2      | Reached skill level 1 in Conjurations
   741 | D:3      | Found a shadowy altar of Dithmenos.
   761 | D:3      | Found a glowing drain.
   771 | Sewer    | Entered a sewer
   786 | Sewer    | Noticed a kobold brigand
   786 | Sewer    | Noticed a kobold brigand
   789 | Sewer    | Killed a kobold brigand
   790 | Sewer    | Reached XP level 5. HP: 26/38 MP: 7/11
   792 | Sewer    | HP: 6/38 [kobold brigand/+0 dagger (6)]
   793 | Sewer    | HP: 2/38 [kobold/+0 club (2)]
   796 | Sewer    | Killed a kobold brigand
   797 | Sewer    | Reached XP level 6. HP: 1/45 MP: 1/13
   797 | Sewer    | Slain by a kobold

Illustrated notes

Levels and vault maps discovered:
D:1:      eino_arrival_water_star, layout_loops_ring, serial_shops, shop,
          shapermc_ecumenical_altar_pompeii
D:2:      layout_loops_cross, feat_on_display
D:3:      layout_rooms, mainiacjoe_overflow_brackets,
          grunt_dithmenos_smoke_and_mirrors, cheibrodos_sewer_entry_bend,
          minmay_ogre_servants
Sewer:    kennysheep_pipe_town

Skill      XL: |  1  2  3  4  5 |
---------------+----------------+-----
Spellcasting   | 3 4 |  4.0
Transmutations | 2 3 |  3.0
Dodging        | 3 |  3.0
Earth Magic    | 4 |  4.7
Conjurations   | 2 3 |  3.3
Stealth        | |  1.5

Action                   |  1- 3 |  4- 6 || total
-------------------------+-------+-------++-------
Melee: Unarmed           |     3 |       ||     3
       Dagger            |       |     5 ||     5
 Cast: Sandblast         |    30 |    28 ||    58
       Stone Arrow       |       |     1 ||     1
  Use: Potion            |     1 |     3 ||     4
       Scroll            |       |     5 ||     5
Armor: Robe              |     4 |     4 ||     8
Dodge: Dodged            |    14 |    24 ||    38

Table legend: (Time is in decaauts)
 A = Elapsed time spent in this place.
 B = Non-inter-level travel time spent in this place.
 C = Inter-level travel time spent in this place.
 D = Time resting spent in this place.
 E = Time spent auto-exploring this place.
 F = Levels seen in this place.
 G = Mean time per level.
                   A        B        C        D        E       F      G
               +--------+--------+--------+--------+--------+-----+--------+
         Total |    815 |    724 |     91 |      0 |      0 |   4 |  203.8 |
       Dungeon |    780 |    689 |     91 |      0 |      0 |   3 |  260.0 |
         Sewer |     35 |     35 |      0 |      0 |      0 |   1 |   35.0 |
               +--------+--------+--------+--------+--------+-----+--------+

Top non-repeatable levels by time:
     D:1: 415 daAuts
     D:2: 296 daAuts
     D:3: 69 daAuts
   Sewer: 35 daAuts

Table legend:
 A = Kills in this place as a percentage of kills in entire the game.
 B = Kills by you in this place as a percentage of kills by you in the entire game.
 C = Kills by friends in this place as a percentage of kills by friends in the entire game.
 D = Other kills in this place as a percentage of other kills in the entire game.
 E = Experience gained in this place as a percentage of experience gained in the entire game.
 F = Experience gained in this place divided by the number of levels of this place that you have seen.
                   A       B       C       D       E      F
               +-------+-------+-------+-------+-------+----------------------
         Total | 100.0 | 100.0 |   N/A |   N/A | 100.0 |  74.0
       Dungeon |  94.7 |  94.7 |   N/A |   N/A |  36.1 |  35.7
         Sewer |   5.3 |   5.3 |   N/A |   N/A |  63.9 | 189.0
               +-------+-------+-------+-------+-------+----------------------
